 Dungeon Crawl Stone Soup version 0.27.0-1-g7a089689b8 (webtiles) character file.

Game seed: 17581450307928787244

1001 Leibowitz the Slicer (level 8, -10/48 HPs)
             Began as a Kobold Gladiator on Aug 9, 2021.
             Mangled by an ogre (20 damage)
             ... on level 5 of the Dungeon.
             The game lasted 00:10:32 (6371 turns).

Leibowitz the Slicer (Kobold Gladiator)             Turns: 6371, Time: 00:10:32

Health: -10/48     AC:  5    Str: 12    XL:     8   Next: 43%
Magic:  8/8        EV: 17    Int:  9    God:
Gold:   156        SH:  5    Dex: 18    Spells: 4/7 levels left

rFire    . . .     SeeInvis .   a - +0 rapier
rCold    . . .     Faith    .   (shield restricted)
rNeg     . . .     Spirit   .   b - +0 leather armour
rPois    .         Reflect  +   c - +0 helmet
rElec    .         Harm     .   (no cloak)
rCorr    .         Rampage  .   (no gloves)
Will     .....                  k - +0 pair of boots
Stlth    +++++.....             l - amulet of reflection
HPRegen  0.16/turn              (no ring)
MPRegen  0.11/turn              (no ring)

@: very slightly contaminated, invisible (expiring)
A: small, no large weapons, nightstalker 3
a: no special abilities


You were on level 5 of the Dungeon.
You visited 1 branch of the dungeon, and saw 5 of its levels.

You collected 156 gold pieces.

Inventory:

Hand Weapons
 a - a +0 rapier (weapon)
Armour
 b - a +0 leather armour (worn)
 c - a +0 helmet (worn)
 k - a +0 pair of boots (worn)
Jewellery
 l - an amulet of reflection (around neck)
Scrolls
 d - a scroll of vulnerability {unknown}
 e - 2 scrolls of blinking {unknown}
 f - a scroll of amnesia {unknown}
 h - 4 scrolls of identify {unknown}
 n - 2 scrolls of noise {unknown}
 r - a scroll of immolation {unknown}
Potions
 g - 3 potions of curing {unknown}
 j - 4 potions of cancellation {unknown}
 m - a potion of heal wounds {unknown}
 o - a potion of haste {unknown}
 p - a potion of magic {unknown}
 q - a potion of degeneration {unknown}


   Skills:
 * Level 3.9 Fighting
 * Level 8.5 Short Blades
 - Level 2.1 Throwing
 + Level 1.3 Armour
 * Level 5.3 Dodging
 * Level 7.4 Stealth
 + Level 0.1 Shields


You had 4 spell levels left.
You knew the following spells:

 Your Spells              Type           Power      Damage    Failure   Level
a - Confusing Touch       Hex            0%         N/A       83%         3

Your spell library contained the following spells:

 Spells                   Type           Power      Damage    Failure   Level
 Animate Skeleton         Necr           0%         N/A       45%         1
 Pain                     Necr           0%         1d4       45%         1
 Corpse Rot               Necr/Air       N/A        N/A       61%         2
 Slow                     Hex            0%         N/A       61%         2
 Vampiric Draining        Necr           0%         2d6       83%         3
 Dispel Undead            Necr           0%         3d6       99%         4
 Yara's Violent Unravell  Hex/Tmut       0%         3d3       100%        5
 Death Channel            Necr           0%         N/A       100%        6


Dungeon Overview and Level Annotations

Branches:
Dungeon (5/15)
 Temple: D:4-7

Altars:
Fedhas


Innate Abilities, Weirdness & Mutations

You are small and have problems with some larger weapons.
You are completely attuned to the shadows.


Message History

The gnoll blinks! x2; The white imp blinks!
You blink.
The hound skeleton blinks!
The hound skeleton misses you. The centaur skeleton hits you.
* * * LOW HITPOINT WARNING * * *
The centaur skeleton kicks you but does no damage.
The hound skeleton barely misses you.
The white imp enters a dispersal trap!
The gnoll blinks!
The iguana blinks! x2; The hound skeleton blinks!
The centaur skeleton blinks!
You blink.
You fade into invisibility!
The gnoll misses you.
You catch the helpless gnoll completely off-guard!
You impale the gnoll!!
You kill the gnoll!
You hit the centaur skeleton.
The centaur skeleton is almost destroyed.
An ogre comes into view. It is wielding a +0 giant club.
You completely miss the centaur skeleton.
The centaur skeleton is almost destroyed.
You catch the helpless centaur skeleton completely off-guard!
You impale the centaur skeleton!!
You destroy the centaur skeleton!
You barely miss the white imp. You hit the white imp.
The white imp is heavily wounded.
You block the hound skeleton's attack.
You puncture the ogre!
The ogre is moderately wounded.
You barely miss the ogre.
The ogre is moderately wounded.
You flicker for a moment.
The ogre completely misses you. The ogre closely misses you.
The white imp gestures at the ogre.
The puff of frost misses you.
You puncture the ogre!
The ogre is severely wounded.
You hit the ogre.
The ogre is severely wounded.
The ogre hits you with a +0 giant club!!
You die...

#....# ..
##...###### #.##
#.........# #..#
##.......... #.##
#........... #..##
##........... ##..##
#...........#
#...####......[...##
##O@..#..........##
#..............##
#.Z.#####.....##
##5### ###..####..
##..# ##.##....
#..### #.......
#....### ##<.....
#.....§# #......
##.§.Z..# ##.....


You could see an ogre, a white imp and a hound skeleton (wandering).

Vanquished Creatures
  Duvessa (D:4)
  A black bear (D:4)
  A necrophage (D:4)
  A phantom (D:4)
  A scorpion (D:4)
  Dowan (D:4)
  2 hounds
  2 centaur skeletons (D:5)
  4 iguanas
  Robin (D:2)
  5 gnolls
  11 adders
  An adder skeleton (D:4)
  A worm (D:3)
  7 dart slugs
  7 orcs
  9 ball pythons
  5 bats
  4 endoplasms
  4 giant cockroaches
  19 goblins
  7 hobgoblins
  8 jackals
  4 quokkas
  4 frilled lizards
  6 kobolds
  7 rats
124 creatures vanquished.

Vanquished Creatures (others)
  2 hounds (D:5)
  A gnoll (D:5)
3 creatures vanquished.

Grand Total: 127 creatures vanquished

Notes
Turn   | Place    | Note
-------+----------+-------------------------------------------
     0 | D:1      | Leibowitz the Kobold Gladiator began the quest for the Orb.
     0 | D:1      | Reached XP level 1. HP: 12/12 MP: 1/1
   401 | D:1      | Reached XP level 2. HP: 14/17 MP: 2/2
   804 | D:1      | Reached XP level 3. HP: 22/22 MP: 3/3
  1048 | D:1      | Reached skill level 1 in Stealth
  1428 | D:1      | Found a faded altar of an unknown god.
  1629 | D:2      | Reached skill level 5 in Short Blades
  1646 | D:2      | Reached XP level 4. HP: 17/27 MP: 4/4
  2203 | D:2      | Noticed Robin
  2210 | D:2      | Reached XP level 5. HP: 27/31 MP: 5/5
  2221 | D:2      | Killed Robin
  3049 | D:3      | Reached skill level 6 in Short Blades
  3560 | D:3      | Reached XP level 6. HP: 36/36 MP: 6/6
  3650 | D:3      | Found a blossoming altar of Fedhas.
  4105 | D:3      | Learned a level 3 spell: Confusing Touch
  4209 | D:4      | Noticed Duvessa
  4209 | D:4      | Noticed Dowan
  4210 | D:4      | Killed Dowan
  4211 | D:4      | Reached skill level 1 in Armour
  4396 | D:4      | Reached skill level 7 in Short Blades
  4651 | D:4      | Reached XP level 7. HP: 15/41 MP: 7/7
  4898 | D:4      | Reached skill level 5 in Stealth
  5331 | D:4      | Killed Duvessa
  5332 | D:4      | Reached skill level 8 in Short Blades
  5332 | D:4      | Reached skill level 5 in Dodging
  5332 | D:4      | Reached XP level 8. HP: 23/46 MP: 8/8
  6107 | D:5      | Entered Level 5 of the Dungeon
  6371 | D:5      | Mangled by an ogre

Illustrated notes

Levels and vault maps discovered:
D:1:      beargit_arrival_diablo_church, layout_basic,
          dilly_ecumenical_altar_fadedgnrine
D:2:      layout_loops_ring, roderic_roman_lattice, serial_park_tiny_1,
          kennysheep_generic_room_5, uniq_robin
D:3:      minmay_chambers_of_threes, layout_loops_corners, fedhas_altar_3
D:4:      layout_layer_cave, uniq_duvessa
D:5:      layout_cave_pods, kb_lookout_dungeons_type

Skill      XL: |  1  2  3  4  5  6  7  8 |
---------------+-------------------------+-----
Dodging        | 4 5 |  5.3
Stealth        | 1 2 3 4 6 7 |  7.4
Short Blades   | 5 6 7 8 |  8.5
Fighting       | 3 |  3.9
Armour         | 1 |  1.3
Throwing       | |  2.1
Shields        | |  0.1

Action                   |  1- 3 |  4- 6 |  7- 9 || total
-------------------------+-------+-------+-------++-------
Melee: Rapier            |    97 |   184 |    98 ||   379
Throw: Throwing net      |     3 |     3 |     1 ||     7
  Use: Potion            |       |       |     2 ||     2
 Stab: Sleeping          |     3 |    22 |    16 ||    41
       Held in net/web   |     2 |       |     1 ||     3
       Distracted        |       |     3 |       ||     3
       Invisible         |       |       |     4 ||     4
Armor: Leather armour    |    23 |    22 |    17 ||    62
Dodge: Dodged            |    93 |    89 |    63 ||   245
Block: Other             |       |    15 |    17 ||    32
